 Dungeon Crawl Stone Soup version 0.32-a0-799-g95e1662365 (webtiles) character file.

Game seed: 17953669024495736919

543 pokeman the Magician (level 7, -1/39 HPs)
             Began as a Deep Elf Hedge Wizard on Mar 21, 2024.
             Slain by an ice beast (4 damage)
             ... on level 5 of the Dungeon.
             The game lasted 00:07:21 (4439 turns).

pokeman the Magician (Deep Elf Hedge Wizard)        Turns: 4439, Time: 00:07:21

Health: -1/39      AC:  3    Str:  7    XL:     7   Next: 6%
Magic:  9/20       EV: 17    Int: 21    God:
Gold:   507        SH:  0    Dex: 14    Spells: 13/21 levels left

rFire   . . .        m - +0 arbalest
rCold   . . .        (shield currently unavailable)
rNeg    . . .        b - +0 robe
rPois   .            c - +0 hat
rElec   .            (no cloak)
rCorr   .            q - +0 pair of gloves
SInv    .            (no boots)
Will    .....        (no amulet)
Stlth   ++           f - ring of flight
HPRegen 0.26/turn    A - +5 ring of evasion
MPRegen 0.17/turn

%: no passive effects
@: on blink cooldown, flying
A: no striking features
a: no special abilities


You were on level 5 of the Dungeon.
You visited 1 branch of the dungeon, and saw 5 of its levels.
You also visited: Ossuary.

You collected 507 gold pieces.

Inventory:

Hand Weapons
 m - a +0 arbalest (weapon)
Armour
 b - a +0 robe (worn)
 c - a +0 hat (worn)
 q - a +0 pair of gloves (worn)
 y - an orb of energy
Jewellery
 f - a ring of flight (left hand)
 A - a +5 ring of evasion (right hand)
Wands
 p - a wand of flame (17)
Scrolls
 h - 3 scrolls of vulnerability {unknown}
 i - a scroll of noise {unknown}
 j - 7 scrolls of identify {unknown}
 k - a scroll of immolation {unknown}
 n - 3 scrolls of teleportation {unknown}
 s - 2 scrolls of fear {unknown}
 u - a scroll of fog {unknown}
 v - a scroll of amnesia {unknown}
 x - a scroll of brand weapon {unknown}
Potions
 a - a potion of brilliance {unknown}
 d - 4 potions of magic
 e - a potion of enlightenment {unknown}
 g - 3 potions of mutation {unknown}
 l - a potion of curing {unknown}
 o - 2 potions of lignification {unknown}
 r - 3 potions of heal wounds {unknown}
 t - a potion of ambrosia {unknown}
 w - 3 potions of attraction {unknown}
 z - 3 potions of haste {unknown}


   Skills:
 + Level 1.9 Fighting
 - Level 1.0 Armour
 - Level 3.0 Dodging
 - Level 3.0 Stealth
 * Level 7.8 Spellcasting
 + Level 3.7 Conjurations
 - Level 1.1 Summonings
 - Level 1.1 Translocations
 - Level 1.2 Air Magic
 - Level 1.1 Alchemy
 - Level 1.1 Evocations


You had 13 spell levels left.
You knew the following spells:

 Your Spells              Type           Power      Damage    Failure   Level
a - Magic Dart            Conj           96%        1d7       1%          1
b - Mephitic Cloud        Conj/Alch/Air  16%        N/A       11%         3
c - Call Imp              Summ           24%        N/A       8%          2
d - Blink                 Tloc           24%        N/A       8%          2

Your spell library contained the following spells:

 Spells                   Type           Power      Damage    Failure   Level
 Slow                     Hex            32%        N/A       9%          1
 Cigotuvi's Dreadful Rot  Necr/Alch/Air  22%        N/A       9%          2


Dungeon Overview and Level Annotations

Branches:
Dungeon (5/15)            Ossuary (visited)
 Temple: D:4-7

Altars:
Gozag
Trog
Wu Jian

Annotations:
D:5 Grinder


Message History

Fire: m) +0 arbalest
Press: ? - help, Q - select action, (/) - cycle Shift-Dir - straight line, f/p - ice beast
Aim: an ice beast (lightly wounded, ally target, 50% to hit)
You shoot a bolt. The bolt hits the ice beast.
The ice beast is moderately wounded.
The ice beast barely misses you.
Your cerulean imp hits the ice beast but does no damage.
The ice beast misses you.
Fire: m) +0 arbalest
Press: ? - help, Q - select action, (/) - cycle Shift-Dir - straight line, f/p - ice beast
Aim: an ice beast (moderately wounded, ally target, 50% to hit)
You shoot a bolt. The bolt hits the ice beast.
The ice beast is heavily wounded.
Your cerulean imp hits the ice beast from afar with a -3 spear.
The ice beast misses you.
Your cerulean imp closely misses the ice beast.
The ice beast hits you. The ice beast freezes you!
* * * LOW HITPOINT WARNING * * *
Casting: Magic Dart (safe; 1% risk of failure)
Confirm with . or Enter, or press ? or * to list all spells.
You blink.
Your cerulean imp hits the ice beast but does no damage.
Fire: m) +0 arbalest
Press: ? - help, Q - select action, (/) - cycle Shift-Dir - straight line, f/p - ice beast
Aim: an ice beast (heavily wounded, ally target, 50% to hit)
You shoot a bolt. The bolt closely misses the ice beast.
The ice beast hits you but does no damage.
Your cerulean imp completely misses the ice beast.
The ice beast closely misses you.
Your cerulean imp closely misses the ice beast.
Unknown command.
Fire: m) +0 arbalest
Press: ? - help, Q - select action, (/) - cycle Shift-Dir - straight line, f/p - ice beast
Aim: an ice beast (heavily wounded, ally target, 50% to hit)
You shoot a bolt. The bolt hits the ice beast!
The ice beast is severely wounded.
The ice beast hits you but does no damage.
Your cerulean imp hits the ice beast from afar with a -3 spear.
The ice beast hits you.
You die...

#.......# ........#
#.......# ........#
#.......#
........#.....#.......#
........#.....+.......#
........#.....##......#
........#.....##......#
........#.....##<.....##
.......@#..............#
.......Y.........).....#
########.#######.......#
#5.....##.......#
#......#........#
#......#........#
#......'........+
#################


You could see an ice beast (ally target) and a friendly cerulean imp (summoned).

Vanquished Creatures
  A water moccasin (D:5)
  An ogre (D:5)
  A scorpion (D:4)
  A hound (D:5)
  An orc priest (D:4)
  Natasha (D:4)
  6 mummies (Ossuary)
  3 adders
  2 white imps (D:5)
  2 dart slugs
  7 orcs
  5 bats
  4 endoplasms
  6 goblins
  7 hobgoblins
  3 jackals (D:2)
  A quokka (D:1)
  5 frilled lizards
  2 gnoll zombies (Ossuary)
  A hobgoblin zombie (Ossuary)
  4 kobolds
  2 kobold zombies (Ossuary)
  An orc zombie (Ossuary)
67 creatures vanquished.

Vanquished Creatures (collateral kills)
  2 mummies (Ossuary)
  A gnoll zombie (Ossuary)
  A hobgoblin zombie (Ossuary)
4 creatures vanquished.

Grand Total: 71 creatures vanquished

Notes
Turn   | Place    | Note
-------+----------+-------------------------------------------
     0 | D:1      | pokeman the Deep Elf Hedge Wizard began the quest for the
                  | Orb.
     0 | D:1      | Reached XP level 1. HP: 10/10 MP: 7/7
    95 | D:1      | Found a faded altar of an unknown god.
   746 | D:1      | Reached XP level 2. HP: 10/16 MP: 0/9
  1139 | D:2      | Found an ornate altar of the Wu Jian Council.
  1255 | D:2      | Reached skill level 5 in Spellcasting
  1406 | D:2      | Reached XP level 3. HP: 20/20 MP: 11/11
  1410 | D:2      | Learned a level 3 spell: Mephitic Cloud
  1413 | D:2      | Learned a level 2 spell: Call Imp
  1416 | D:2      | Learned a level 2 spell: Blink
  1945 | D:3      | Reached skill level 1 in Fighting
  1945 | D:3      | Reached skill level 1 in Armour
  2234 | D:3      | Found an opulent altar of Gozag.
  2417 | D:4      | Noticed a scorpion
  2477 | D:4      | Reached XP level 4. HP: 22/25 MP: 5/13
  2508 | D:4      | Found a sand-covered staircase.
  2513 | Ossuary  | Entered an ossuary
  2579 | Ossuary  | Reached skill level 6 in Spellcasting
  2681 | Ossuary  | Reached XP level 5. HP: 29/29 MP: 12/15
  3127 | D:4      | Found an ornate altar of the Wu Jian Council.
  3330 | D:4      | Reached skill level 1 in Air Magic
  3330 | D:4      | Reached skill level 1 in Alchemy
  3330 | D:4      | Reached skill level 1 in Evocations
  3330 | D:4      | Reached XP level 6. HP: 34/34 MP: 12/17
  3524 | D:4      | Noticed Natasha
  3527 | D:4      | Killed Natasha
  3609 | D:4      | Found a bloodstained altar of Trog.
  4341 | D:5      | Entered Level 5 of the Dungeon
  4354 | D:5      | Reached skill level 7 in Spellcasting
  4354 | D:5      | Noticed a water moccasin
  4356 | D:5      | Noticed Grinder
  4360 | D:5      | Killed a water moccasin
  4405 | D:5      | Identified the +0 sling of Plague {speed, rC+ Dex+3}
  4419 | D:5      | Noticed an ice beast
  4433 | D:5      | Reached XP level 7. HP: 27/39 MP: 8/20
  4439 | D:5      | Slain by an ice beast

Illustrated notes

Levels and vault maps discovered:
D:1:      minmay_arrival_stone_box, layout_loops_corners,
          chequers_ecumenical_altar_simple
D:2:      layout_rooms, basic_altar, guppyfry_early_orc_mine
D:3:      layout_loops_cross, nicolae_gozag_seed_capital
D:4:      layout_cave_pods, nicolae_overflow_hidden_temple,
          kennysheep_little_box, enter_ossuary_5, serial_column_ruins,
          column_ruins_open_tiny, column_ruins_open_small,
          column_ruins_columns_water, column_ruins_corridor_straight,
          uniq_natasha
D:5:      cheibrodos_fertilizer, layout_gridville,
          minmay_temple_entry_water_ring, uniq_grinder

Skill      XL: |  1  2  3  4  5  6 |
---------------+-------------------+-----
Spellcasting   | 5 6 7 |  7.8
Fighting       | 1 |  1.9
Armour         | 1 |  1.0
Conjurations   | 2 3 |  3.7
Dodging        | 3 |  3.0
Stealth        | 3 |  3.0
Air Magic      | 1 |  1.2
Alchemy        | 1 |  1.1
Evocations     | 1 |  1.1
Summonings     | |  1.1
Translocations | |  1.1

Action                     |  1- 3 |  4- 6 |  7- 9 || total
---------------------------+-------+-------+-------++-------
   Fire: Arbalest          |    51 |    49 |     6 ||   106
   Cast: Magic Dart        |    49 |    59 |       ||   108
         Call Imp          |       |     2 |       ||     2
         Blink             |       |     1 |     1 ||     2
         Mephitic Cloud    |       |     2 |       ||     2
 Armour: Robe              |    33 |    14 |     6 ||    53
  Dodge: Dodged            |    30 |    31 |     5 ||    66

Table legend: (Time is in decaauts)
 A = Elapsed time spent in this place.
 B = Non-inter-level travel time spent in this place.
 C = Inter-level travel time spent in this place.
 D = Time resting spent in this place.
 E = Time spent auto-exploring this place.
 F = Levels seen in this place.
 G = Mean time per level.
                   A        B        C        D        E       F      G
               +--------+--------+--------+--------+--------+-----+--------+
         Total |   4532 |   4085 |    447 |      0 |   3224 |   6 |  755.3 |
       Dungeon |   4040 |   3593 |    447 |      0 |   2859 |   5 |  808.0 |
       Ossuary |    492 |    492 |      0 |      0 |    365 |   1 |  492.0 |
               +--------+--------+--------+--------+--------+-----+--------+

Top non-repeatable levels by time:
     D:4: 1403 daAuts
     D:1: 1080 daAuts
     D:3: 779 daAuts
     D:2: 703 daAuts
 Ossuary: 492 daAuts
     D:5: 73 daAuts
